 Dungeon Crawl Stone Soup version 0.31.0-1-g2c135a008e (webtiles) character file.

Game seed: 12917276010242106902

492 Fv001 the Scratcher (level 6, 0/45 HPs)
             Began as a Felid Shapeshifter on Jan 20, 2024.
             Was an Initiate of Dithmenos.
             Succumbed to a scorpion's poison
             ... on level 5 of the Dungeon.
             The game lasted 00:19:29 (4093 turns).

Fv001 the Scratcher (Felid Shapeshifter)            Turns: 4093, Time: 00:19:29

Health: 0/45       AC:  2    Str: 10    XL:     6   Next: 91%
Magic:  7/7        EV: 18    Int: 15    God:    Dithmenos [......]
Gold:   248        SH:  0    Dex: 16    Spells: 0/5 levels left
                                        Lives:  0   Deaths: 2

rFire   . .          .
                       - Unarmed
rCold   . . .        (shield unavailable)
rNeg    . . .        (body armour unavailable)
rPois   .            (helmet unavailable)
rElec   .            (cloak unavailable)
rCorr   .            (gloves unavailable)
SInv    +            (boots unavailable)
Will    .....        (no amulet) Stlth
                     (no ring)
HPRegen 0.27/turn    (no ring)
MPRegen 0.10/turn

%: no passive effects
@: berserking, lethally poisoned (0 -> -11), beast-form, very quick
A: beast (slay +2), very small, claws 1, fangs 3, see invisible, shaggy fur 2,
stealthy paws, no weapons or thrown items, no armour, multi-lived
a: Begin Untransformation, Renounce Religion


You were on level 5 of the Dungeon.
You worshipped Dithmenos.
Dithmenos was noncommittal.
You were a hulking beast.
You visited 2 branches of the dungeon, and saw 6 of its levels.

You collected 248 gold pieces.

Inventory:

Jewellery
 e - a ring of fire
Talismans
 b - a beast talisman (active)
 c - a flux talisman
Wands
 g - a wand of paralysis (2)
Scrolls
 h - a scroll of noise
 j - a scroll of immolation {unknown}
 k - a scroll of poison {unknown}
 m - a scroll of teleportation {unknown}
 o - a scroll of blinking {unknown}
Potions
 a - a potion of lignification
 d - a potion of heal wounds {unknown}
 f - a potion of cancellation
 l - 3 potions of curing {unknown}
 n - a potion of mutation {unknown}
 p - a potion of attraction {unknown}
 q - a potion of ambrosia {unknown}


   Skills:
 + Level 2.1 Fighting
 + Level 3.8 Dodging
 + Level 3.1 Stealth
 + Level 5.6 Unarmed Combat
 + Level 0.4 Spellcasting
 + Level 0.4 Hexes
 + Level 1.0 Ice Magic
 + Level 0.7 Evocations
 + Level 3.8 Shapeshifting


You couldn't memorise any spells.
You knew the following spells:

 Your Spells              Type           Power      Damage    Failure   Level
a - Ensorcelled Hibernat  Hex/Ice        4%         N/A       28%         2
b - Passwall              Erth           0%         N/A       61%         3

Your spell library contained the following spells:

 Spells                   Type           Power      Damage    Failure   Level
 Inner Flame              Hex/Fire       0%         N/A       58%         3
 Swiftness                Air            0%         N/A       61%         3
 Cause Fear               Hex            0%         N/A       91%         4
 Fireball                 Conj/Fire      0%         3d3       100%        5
 Irradiate                Conj/Alch      0%         3d11      100%        5
 Ignition                 Fire           0%         3d3       100%        8
 Dragon's Call            Summ           0%         N/A       100%        9


Dungeon Overview and Level Annotations

Branches:
Dungeon (5/15)             Temple (1/1) D:4

Altars:
Ashenzari
Cheibriados
Dithmenos
Gozag
Nemelex Xobeh
Okawaru
Qazlal
Xom
Yredelemnul

Annotations:
D:5 exclusion: 2 doors


Innate Abilities, Weirdness & Mutations

You are a hulking beast.
Your limbs bulge with bestial killing power. (Slay +2)
You have sharp claws.
You have razor-sharp teeth.
You have supernaturally acute eyesight. (SInv)
You are covered in thick fur. (AC +2)
Your paws help you pounce on unaware monsters.
You are incapable of wielding weapons or throwing items.
You cannot wear armour.
You gain extra lives every three experience levels.


Message History

Press: ? - help, . - travel You can't see that place. [the floor.]
A jelly comes into view.
A scorpion and 2 ufetubi come into view.
The jelly quivers.
The ufetubus moves out of view.
A bombardier beetle comes into view.
You close the door.
The scorpion completely misses you.
You closely miss the scorpion. Your bite misses the scorpion.
The scorpion barely misses you.
You closely miss the scorpion. The scorpion stings you.
The scorpion closely misses you.
The black bear growls angrily.
The scorpion misses you. The scorpion attacks as it pursues you!
The scorpion stings you.
You are poisoned.
The scorpion poisons you!
You feel very sick. The scorpion attacks as it pursues you!
The scorpion barely misses you.
You feel very sick. The scorpion misses you.
You feel sick.
You feel sick. The scorpion attacks as it pursues you! The scorpion stings you!
* * * LOW HITPOINT WARNING * * *
You feel sick.
You feel sick. The scorpion stings you.
* * * LOW HITPOINT WARNING * * *
You are lethally poisoned!
The scorpion poisons you!
Okay, then.
A red film seems to cover your vision as you go berserk!
You feel yourself moving faster!
You feel mighty!
* * * LOW HITPOINT WARNING * * *
You feel very sick. The scorpion stings you.
* * * LOW HITPOINT WARNING * * *
You are too berserk!
You feel a strong urge to attack something.
You die...

........##...####...#
...>....##...########
........#.......+
.......h#.......#
###.....##......#
###.....##...####
......Js##...##
.........'....#
........h#....#
.........#....#
........<#....#
###############


You could see a black bear, a scorpion and a jelly.

Vanquished Creatures
  A phantom (D:4)
  A scorpion (D:4)
  2 bombardier beetles
  2 hounds
  2 iguanas
  4 gnolls
  3 adders
  2 ufetubi (D:5)
  4 dart slugs
  3 ribbon worms
  8 orcs
  6 endoplasms
  5 giant cockroaches
  9 goblins
  10 hobgoblins
  3 jackals (D:2)
  9 kobolds
  4 ball pythons
  3 bats
  A frilled lizard (D:2)
  6 rats
88 creatures vanquished.

Notes
Turn   | Place    | Note
-------+----------+-------------------------------------------
     0 | D:1      | Fv001 the Felid Shapeshifter began the quest for the Orb.
     0 | D:1      | Reached XP level 1. HP: 10/10 MP: 2/2
   205 | D:1      | Reached XP level 2. HP: 12/14 MP: 3/3
   699 | D:2      | Reached skill level 1 in Stealth
   699 | D:2      | Reached XP level 3. HP: 14/18 MP: 4/4
  1257 | D:2      | Found a shimmering altar of Xom.
  1674 | D:3      | Reached skill level 4 in Unarmed Combat
  1683 | D:2      | Mangled by a gnoll
  1683 | D:2      | Lost a life (0 lives remaining)
  1715 | D:2      | Reached XP level 4. HP: 13/22 MP: 5/5
  1715 | D:2      | Gained a life (1 life remaining)
  1741 | D:3      | Slain by a gnoll
  1741 | D:3      | Lost a life (0 lives remaining)
  1950 | D:3      | Found a stormy altar of Qazlal.
  2056 | D:3      | Found a broken altar of Ashenzari.
  2178 | D:3      | Learned a level 2 spell: Ensorcelled Hibernation
  2550 | D:4      | Noticed a scorpion
  2564 | D:4      | Killed a scorpion
  2565 | D:4      | Reached XP level 5. HP: 16/26 MP: 6/6
  2857 | D:4      | Noticed a phantom
  2893 | D:4      | Killed a phantom
  2894 | D:4      | Reached skill level 5 in Unarmed Combat
  2894 | D:4      | Gained mutation: You are covered in thick fur. (AC +2)
                  | [Felid growth]
  2894 | D:4      | Reached XP level 6. HP: 30/30 MP: 7/7
  3169 | D:4      | Learned a level 3 spell: Passwall
  3173 | D:4      | Found a staircase to the Ecumenical Temple.
  3180 | Temple   | Entered the Ecumenical Temple
  3616 | Temple   | Became a worshipper of Dithmenos the Shadowed
  3869 | D:5      | Entered Level 5 of the Dungeon
  3923 | D:5      | Reached skill level 1 in Ice Magic
  4092 | D:5      | HP: 2/45 [scorpion (6)]
  4093 | D:5      | Succumbed to a scorpion's poison

Illustrated notes

Levels and vault maps discovered:
D:1:      psy_arrival_dodecagon, layout_rooms
D:2:      layout_basic, basic_altar, kennysheep_boxes
D:3:      layout_loops_ring, mainiacjoe_overflow_catwalk_spiral, st_stairs_3
D:4:      layout_loops_ring, minmay_temple_entry_wispy
D:5:      layout_gridville, lemuel_coloured_pillars_altar
Temple:   nicolae_temple_superstar

Skill      XL: |  1  2  3  4  5  6 |
---------------+-------------------+-----
Dodging        | 3 |  3.8
Shapeshifting  | 3 |  3.8
Stealth        | 1 2 3 |  3.1
Unarmed Combat | 4 5 |  5.6
Fighting       | 2 |  2.1
Ice Magic      | 1 |  1.0
Spellcasting   | |  0.4
Hexes          | |  0.4
Evocations     | |  0.7

Action                     |  1- 3 |  4- 6 || total
---------------------------+-------+-------++-------
  Melee: Unarmed           |    96 |   139 ||   235
         Bite              |     8 |    10 ||    18
         Punch             |     4 |     1 ||     5
   Cast: Ensorcelled Hiber |       |     4 ||     4
  Evoke: Wand              |     1 |     6 ||     7
    Use: Scroll            |     2 |     1 ||     3
         Potion            |       |     1 ||     1
   Stab: Sleeping          |     5 |     6 ||    11
         Paralysed         |     2 |     5 ||     7
 Armour: Skin              |    27 |    37 ||    64
  Dodge: Dodged            |    59 |   113 ||   172
   Form: Beast             |     2 |     6 ||     8
                           |     1 |       ||     1
         Flux              |     1 |     5 ||     6
